AoeStats
← naphtaligrauer16

Glade

510719762Analyzed
1v1 RM · 14h ago on Oct 2, 2026· 60m 15s· 2 players
Game mode
Random Map
Map size
Tiny (2 player)
Population
200
Speed
Normal
Resources
Standard
Victory
Conquest
Starting age
Dark Age
Ending age
Imperial Age
RankedLock teamsTeams togetherTeam positionsShared explorationLock speedFull tech treeHidden civsTurbo modeCheats
Victory
Defeat
🇦🇹 Saracens · Austria
1481
+16
🇩🇪 Bulgarians · Germany
1485
-16
Seldorn
11:08 Feudal Age
11:53 Double-Bit Axe
12:58 Fletching
12:59 Loom
13:52 Horse Collar
19:24 Castle Age
17:46 Stone Mining
18:45 Gold Mining
20:15 Bow Saw
25:47 Wheelbarrow
26:33 Heavy Plow
28:33 Bodkin Arrow
31:33 Imperial Age
29:21 Hand Cart
28:52 Town Watch
28:41 Crossbowman
29:25 Padded Archer Armor
30:23 Thumb Ring
30:52 Bodkin Arrow
31:13 Leather Archer Armor
33:14 Chemistry
33:42 Two-Man Saw
32:15 Arbalester
33:09 Bracer
33:55 Ring Archer Armor
33:05 Elite Skirmisher
34:53 Conscription
38:03 Ballistics
41:19 Forging
41:14 Scale Barding Armor
49:24 Iron Casting
49:09 Chain Barding Armor
49:43 Bloodlines
49:33 Husbandry
48:54 Light Cavalry
51:13 Blast Furnace
51:30 Hussar
52:58 Plate Barding Armor
56:39 Gold Shaft Mining
57:41 Counterweights
58:07 Hoardings
57:47 Masonry
58:35 Scale Mail Armor
58:01 Heavy Camel Rider
naphtaligrauer16
9:31 Feudal Age
8:08 Loom
10:19 Horse Collar
12:51 Wheelbarrow
14:49 Double-Bit Axe
20:28 Castle Age
19:52 Gold Mining
19:55 Stone Mining
20:52 Scale Mail Armor
21:04 Forging
23:56 Chain Mail Armor
24:16 Iron Casting
24:33 Squires
24:19 Arson
24:20 Gambesons
25:15 Fletching
26:15 Gold Shaft Mining
25:58 Bodkin Arrow
28:03 Chain Mail Armor
30:00 Bow Saw
34:01 Imperial Age
32:41 Heavy Plow
35:00 Hand Cart
34:08 Capped Ram
35:25 Plate Mail Armor
35:31 Iron Casting
37:34 Bracer
37:35 Padded Archer Armor
37:45 Siege Ram
37:57 Elite Skirmisher
40:17 Ballistics
40:32 Leather Archer Armor
46:05 Thumb Ring
48:21 Chemistry
48:52 Siege Engineers
49:01 Light Cavalry
49:52 Bloodlines
50:16 Stirrups
51:38 Pikeman
53:04 Crop Rotation
52:17 Hussar
52:58 Husbandry
53:10 Scale Barding Armor
54:06 Blast Furnace
54:18 Bagains
54:47 Chain Barding Armor
55:35 Pikeman
56:56 Halberdier
Connection lost

Rejoining the realm…

Still unreachable

The connection could not be restored.

Session expired

The server has moved on; the page needs a fresh start.